[Event "Team 45 45 League T37"]
[Site "Internet Chess Club"]
[Date "2008.05.10"]
[Round "3"]
[White "PsyMar"]
[Black "Graybeard"]
[Result "1-0"]
[WhiteElo "1209"]
[BlackElo "1191"]
[Opening "Ruy Lopez: Möller defense"]
[ECO "C78"]
[Time "18:03:43"]
[TimeControl "2700+45"]

1. e4 e5 2. Nf3 Nc6 3. Bb5 a6 4. Ba4 Nf6 5. O-O Bc5 6. c3 Ba7 7. d4 b5 8. dxe5
Nxe4 9. Bc2 Nc5 10. Bg5 Ne7 11. Nbd2 Ne6 12. Ne4 Nxg5 13. Nexg5 Ng6 14. Re1 Qe7
15. a4 c6 16. Be4 h6 17. Bxg6 fxg6 18. Ne4 d5 19. exd6 Qf7 20. Neg5+ Kf8 21.
Nxf7 Kxf7 22. Qb3+ Kf8 23. Re7 {Black resigns} 1-0

[Event "Team 45 45 League T37"]
[Site "Internet Chess Club"]
[Date "2008.05.09"]
[Round "3"]
[White "WannaB"]
[Black "WzeroMN"]
[Result "0-1"]
[WhiteElo "1137"]
[BlackElo "1110"]
[Opening "French: Winawer, advance, 5.a3"]
[ECO "C17"]
[Time "13:27:15"]
[TimeControl "2700+45"]

1. e4 e6 2. d4 d5 3. Nc3 Bb4 4. e5 c5 5. a3 cxd4 6. Qxd4 Bxc3+ 7. bxc3 Nc6 8.
Bb5 Bd7 9. Bxc6 Bxc6 10. Nf3 Ne7 11. O-O O-O 12. Bg5 Qd7 13. a4 b6 14. Bxe7 Qxe7
15. c4 Rad8 16. cxd5 Rxd5 17. Qh4 Qxh4 18. Nxh4 Rxe5 19. a5 Rxa5 20. Rxa5 bxa5
21. Ra1 Rd8 22. h3 a4 23. Ra3 a6 24. Nf3 Bxf3 25. Rxf3 Rd5 26. Ra3 Ra5 27. Rc3
g6 28. Ra3 Kf8 29. h4 Ke7 30. Kf1 Kd6 31. Ke2 Kc5 32. Kd3 Kb4 33. Ra2 f5 34. g3
e5 35. f3 Rd5+ 36. Ke2 e4 37. fxe4 fxe4 38. Ke3 Re5 39. g4 h5 40. g5 Ka5 41. Kd4
Re8 42. c4 e3 43. Re2 a3 44. c5 Kb5 45. Rb2+ Kc6 46. Ra2 e2 47. Ra1 e1=Q 48.
Rxe1 Rxe1 49. Kc3 a2 {White resigns} 0-1

[Event "Team 45 45 League T37"]
[Site "Internet Chess Club"]
[Date "2008.05.08"]
[Round "3"]
[White "Ocho-Cinco"]
[Black "ampolsager"]
[Result "1-0"]
[WhiteElo "1756"]
[BlackElo "1675"]
[Opening "Sicilian: Smith-Morra gambit"]
[ECO "B21"]
[Time "21:02:42"]
[TimeControl "2700+45"]

1. e4 c5 2. d4 cxd4 3. c3 dxc3 4. Nxc3 Nc6 5. Nf3 e5 6. Bc4 Qa5 7. O-O Nf6 8.
Ng5 Nd8 9. Qb3 Ne6 10. Rd1 Nd4 11. Bxf7+ Kd8 12. Qc4 Qc5 13. Ne2 h6 14. Nxd4
Qxc4 15. Bxc4 hxg5 16. Nf3 Nxe4 17. Nxe5 Kc7 18. Nf7 Rh5 19. Bd5 Nf6 20. Bxg5 d6
21. Rac1+ Kd7 22. Bf3 Rxg5 23. Nxg5 Ke8 24. Rc7 Rb8 25. Rdc1 Bd7 26. Rxb7 Rd8
27. Rxa7 d5 28. Re1+ Be7 29. Ne6 Bxe6 30. Rxe6 Ne4 31. Rexe7+ Kf8 32. Bxe4 dxe4
33. Rf7+ Kg8 34. Rxg7+ Kf8 35. Raf7+ Ke8 36. Rg8+ Kxf7 37. Rxd8 {Black resigns}
1-0

[Event "Team 45 45 League T37"]
[Site "Internet Chess Club"]
[Date "2008.05.17"]
[Round "3"]
[White "RD1974"]
[Black "gtm"]
[Result "0-1"]
[WhiteElo "1607"]
[BlackElo "1573"]
[Opening "Scandinavian defense"]
[ECO "B01"]
[Time "16:04:32"]
[TimeControl "2700+45"]

1. e4 d5 2. exd5 Nf6 3. Bb5+ c6 4. dxc6 Nxc6 5. Nf3 Bd7 6. O-O e6 7. d4 Bd6 8.
Bg5 O-O 9. Nbd2 Be7 10. Re1 Qb6 11. Bxc6 Bxc6 12. Nc4 Qc7 13. Nce5 Rac8 14. Nxc6
Qxc6 15. c3 Nd5 16. Bxe7 Nxe7 17. Ne5 Qd6 18. Qb3 b6 19. Qa4 Rc7 20. Qc2 Nf5 21.
Qe4 Qe7 22. Qg4 Rd8 23. a4 a6 24. Qe2 b5 25. axb5 axb5 26. Qxb5 Rb7 27. Qe2 Qg5
28. Nf3 Qg6 29. Rab1 h5 30. Qe4 Rdb8 31. b4 Rc7 32. Rec1 Qh6 33. Qe1 h4 34. h3
Qf4 35. Qe5 Qxe5 36. Nxe5 f6 37. Ng6 Kf7 38. Nf4 Rbc8 39. Ne2 Ke7 40. b5 Nd6 41.
b6 Rb7 42. Rb3 Nc4 43. Kf1 Nd2+ 44. Ke1 Nxb3 45. Rb1 Rxb6 46. Kd1 Rcb8 47. c4
Na5 48. Rc1 Rb1 49. c5 Rxc1+ 50. Kxc1 e5 51. Kc2 exd4 52. Nxd4 Rc8 53. Nf5+ Kd7
54. Nxg7 Rxc5+ 55. Kd3 Rg5 56. Nf5 Rxf5 57. Ke3 Nc4+ 58. Ke2 Re5+ 59. Kf3 Nd2+
60. Kf4 Kd6 61. g3 hxg3 62. fxg3 Ke6 63. h4 Re4# {White checkmated} 0-1

[Event "Team 45 45 League T37"]
[Site "Internet Chess Club"]
[Date "2008.05.12"]
[Round "3"]
[White "ADIOKiddo4Ever"]
[Black "slakkjaw"]
[Result "1-0"]
[WhiteElo "1593"]
[BlackElo "1267"]
[Opening "Vienna: Paulsen-Mieses variation"]
[ECO "C26"]
[Time "21:33:43"]
[TimeControl "2700+45"]

1. e4 e5 2. Nc3 Nf6 3. g3 d5 4. exd5 Nxd5 5. Bg2 Be6 6. Nf3 Nxc3 7. bxc3 Nc6 8.
Qe2 f6 9. O-O Bd6 10. d4 Bd5 11. Nxe5 fxe5 12. Bxd5 Kd7 13. Qg4+ Ke8 14. Qxg7
Rf8 15. Qxh7 exd4 16. Qg6+ Kd7 17. Qe6# {Black checkmated} 1-0

[Event "Team 45 45 League T37"]
[Site "Internet Chess Club"]
[Date "2008.05.11"]
[Round "3"]
[White "lmadueno"]
[Black "bmw2002"]
[Result "1/2-1/2"]
[WhiteElo "1520"]
[BlackElo "1637"]
[Opening "French: classical, Anderssen variation"]
[ECO "C13"]
[Time "22:05:13"]
[TimeControl "2700+45"]

1. e4 e6 2. d4 d5 3. Nc3 Nf6 4. Bg5 Be7 5. Bxf6 Bxf6 6. Nf3 dxe4 7. Nxe4 Nc6 8.
c3 O-O 9. Bd3 g6 10. Nxf6+ Qxf6 11. O-O b6 12. Qa4 Bb7 13. Be4 Na5 14. Bxb7 Nxb7
15. Ne5 Qe7 16. f4 c5 17. dxc5 Nxc5 18. Qc2 Nd7 19. Nc6 Qc5+ 20. Nd4 Rac8 21.
Kh1 Nf6 22. Qe2 Rfe8 23. Rae1 Qd5 24. Rd1 Qc4 25. Qxc4 Rxc4 26. Nf3 Rxf4 27. Ne5
Nd5 28. Kg1 Rxf1+ 29. Rxf1 Re7 30. c4 Ne3 31. Rf3 Nf5 32. h3 Rc7 33. b3 f6 34.
Ng4 Kg7 {Game drawn by mutual agreement} 1/2-1/2

[Event "Team 45 45 League T37"]
[Site "Internet Chess Club"]
[Date "2008.05.11"]
[Round "3"]
[White "Luckydawg"]
[Black "isolani"]
[Result "1-0"]
[WhiteElo "1737"]
[BlackElo "1563"]
[Opening "English, 1...Nf6 (Anglo-Indian defense)"]
[ECO "A15"]
[Time "08:01:26"]
[TimeControl "2700+45"]

1. c4 Nf6 2. g3 e5 3. Bg2 Bc5 4. Nc3 c6 5. a3 O-O 6. b4 Bd4 7. Bb2 d5 8. cxd5
cxd5 9. Nf3 Bxf2+ 10. Kxf2 d4 11. Na4 Qe7 12. Rf1 Bg4 13. Kg1 Nc6 14. Rc1 Bxf3
15. Bxf3 e4 16. Bg2 Rad8 17. Nc5 Rfe8 18. Nb3 Ng4 19. e3 h5 20. Nxd4 Nxd4 21.
Bxd4 Rxd4 22. exd4 e3 23. Qe2 Qg5 24. Rf4 Qe7 {Black resigns} 1-0

[Event "Team 45 45 League T37"]
[Site "Internet Chess Club"]
[Date "2008.05.10"]
[Round "3"]
[White "jjmolina"]
[Black "MathWorker"]
[Result "0-1"]
[WhiteElo "1632"]
[BlackElo "1592"]
[Opening "Scandinavian: Marshall variation"]
[ECO "B01"]
[Time "13:00:34"]
[TimeControl "2700+45"]

1. e4 d5 2. exd5 Nf6 3. d4 Nxd5 4. c4 Nb6 5. Nf3 Bf5 6. Nc3 e6 7. Be2 Be7 8. O-O
O-O 9. Be3 N8d7 10. Rc1 c6 11. Qd2 Nf6 12. Bg5 Ne4 13. Bxe7 Nxd2 14. Bxd8 Nxf3+
15. Bxf3 Rfxd8 16. c5 Nc4 17. Ne4 Bxe4 18. Rxc4 Bd3 19. Rb4 Bxf1 20. Kxf1 Rd7
21. Ke2 Kf8 22. h4 Ke7 23. Be4 h6 24. g3 Kf6 25. f4 Rad8 26. Ke3 Ke7 27. h5 g6
28. Bf3 Rg8 29. g4 gxh5 30. gxh5 Rg1 31. Ke2 Kd8 32. Kf2 Rg7 33. a4 Kc7 34. a5
a6 35. Rc4 Rd8 36. b4 Rdg8 37. Rc1 Rg3 38. Rh1 Kd7 39. Re1 Ke7 40. f5 Kf6 41.
fxe6 fxe6 42. Rf1 R8g5 43. Re1 Rh3 44. Re4 Rf5 45. Re3 Kg5 46. Kg2 Rhxf3 47.
Rxf3 Rxf3 48. Kxf3 Kxh5 49. Ke4 Kg6 50. Ke5 Kf7 51. Kd6 h5 52. Kc7 h4 53. Kxb7
h3 54. Kxa6 h2 55. Kb7 h1=Q 56. a6 Qd5 57. a7 Qd7+ 58. Kb6 Qc8 59. b5 cxb5 60.
Kxb5 Qb7+ 61. Kc4 Qxa7 62. Kb5 Ke7 63. Kc6 Kd8 64. Kd6 Qd7+ 65. Ke5 Kc7 66. Ke4
Qd5+ 67. Ke3 Kc6 68. Kd3 Kb5 69. Kc3 Qc4+ 70. Kd2 Qxd4+ {White resigns} 0-1

[Event "Team 45 45 League T37"]
[Site "Internet Chess Club"]
[Date "2008.05.11"]
[Round "3"]
[White "Zyme"]
[Black "PANAMA-REY"]
[Result "0-1"]
[WhiteElo "1382"]
[BlackElo "1510"]
[Opening "QGD: Marshall defense"]
[ECO "D06"]
[Time "18:59:51"]
[TimeControl "2700+45"]

1. d4 d5 2. c4 Nf6 3. cxd5 Nxd5 4. Nf3 c6 5. e4 Nf6 6. Nc3 Bg4 7. Be2 e6 8. Bg5
Be7 9. O-O O-O 10. Qd3 Nbd7 11. Rad1 Nb6 12. Qc2 h6 13. Be3 Qc7 14. Rd2 Rad8 15.
Rfd1 Bb4 16. a3 Be7 17. Qb1 Nh7 18. Rc1 Bxf3 19. Bxf3 Ng5 20. Be2 Qb8 21. Rcd1
f5 22. e5 f4 23. h4 fxe3 24. fxe3 Nh7 25. Bd3 Ng5 26. hxg5 Bxg5 27. Bh7+ Kh8 28.
Re2 Rd7 29. Bg6 Qd8 30. Ne4 Be7 31. Ng3 Nd5 32. Nh5 Bg5 33. e4 Be3+ 34. Kh1 Qh4#
{White checkmated} 0-1

[Event "Team 45 45 League T37"]
[Site "Internet Chess Club"]
[Date "2008.05.12"]
[Round "3"]
[White "Tazmataz"]
[Black "OOB1"]
[Result "1/2-1/2"]
[WhiteElo "1628"]
[BlackElo "1546"]
[Opening "Sicilian defense"]
[ECO "B30"]
[Time "22:03:10"]
[TimeControl "2700+45"]

1. e4 c5 2. Nf3 Nc6 3. g3 d5 4. exd5 Qxd5 5. Bg2 Qe6+ 6. Qe2 Qxe2+ 7. Kxe2 Nf6
8. Re1 Nd4+ 9. Nxd4 cxd4 10. Kf1 e6 11. d3 Be7 12. Bf4 O-O 13. Nd2 Rd8 14. Nb3
Bd6 15. Bg5 Be7 16. Bf4 Bd6 17. Be5 Bxe5 18. Rxe5 Rb8 19. Na5 Ng4 20. Rh5 g6 21.
Rh4 h5 22. h3 Nh6 23. Re1 Nf5 24. Rf4 Re8 25. Nc4 Kg7 26. Be4 Nh6 27. Ne5 f5 28.
Bg2 Rd8 29. Nf3 Rd6 30. Nxd4 g5 31. Rf3 Rxd4 32. Rfe3 Rd6 33. b3 Bd7 34. c4 b6
35. Kg1 Re8 36. b4 Kf6 37. c5 bxc5 38. bxc5 Ra6 39. d4 Nf7 40. Bb7 Rxa2 41. d5
e5 42. c6 Bc8 43. f4 e4 44. fxg5+ Kxg5 45. h4+ Kg6 46. Rd1 Nd6 47. Rb3 Ra5 48.
Kf1 Kf6 49. Rc1 Rxd5 50. Bxc8 Nxc8 51. c7 Ke6 52. Rb8 Kd7 53. Ke2 Rd6 54. Ke3
Rc6 55. Rd1+ Kxc7 56. Rb5 Rc3+ 57. Kf4 Rg8 58. Rxf5 Rgxg3 59. Rxh5 Rgf3+ 60.
Kxe4 Nd6+ 61. Ke5 Rc5+ 62. Rd5 Rxd5+ 63. Kxd5 Rf5+ 64. Rxf5 Nxf5 65. h5 Nh6 66.
Kc4 Kb6 67. Kb4 a5+ 68. Ka4 Ka6 69. Ka3 Kb5 70. Kb3 Nf5 71. Ka3 Kc5 72. Ka4 Kb6
73. Ka3 Kb5 74. Kb3 Nd4+ 75. Ka2 Nf5 76. Kb3 Ka6 77. Ka4 Kb6 78. Ka3 Kb5 79. Kb3
Kc5 80. Ka4 Kb6 81. Ka3 Kc6 82. Ka4 Kb6 83. Ka3 Ka6 84. Ka4 Kb6 {Game drawn by
repetition} 1/2-1/2

[Event "Team 45 45 League T37"]
[Site "Internet Chess Club"]
[Date "2008.05.08"]
[Round "3"]
[White "Mfalme"]
[Black "Just-Jim"]
[Result "1-0"]
[WhiteElo "1369"]
[BlackElo "1272"]
[Opening "Bird's opening"]
[ECO "A03"]
[Time "20:02:21"]
[TimeControl "2700+45"]

1. f4 d5 2. Nf3 Nf6 3. e3 h6 4. Be2 Nc6 5. O-O Bf5 6. Nc3 Qd7 7. Bb5 O-O-O 8.
Ne5 Qe6 9. Bxc6 bxc6 10. Ne2 Bg4 11. Nd4 Bxd1 12. Nxe6 Be2 13. Nxf7 Bxf1 14.
Nexd8 Rh7 15. Nxc6 Ba6 16. Ncd8 g6 17. b3 e6 18. a4 Be7 19. Bb2 Ne4 20. d3 Nf6
21. h3 Nh5 22. g4 Nxf4 23. exf4 Bxd8 24. Nxd8 Kxd8 25. Kf2 Rf7 26. Kg3 c5 27.
Re1 Kd7 28. Be5 Bb7 29. Bb8 a6 30. Ba7 Kd6 31. Bb6 Bc6 32. h4 d4 33. Re5 h5 34.
Bxc5+ Kd7 35. gxh5 gxh5 36. Rxh5 Rg7+ 37. Rg5 Rf7 38. Bxd4 Ke7 39. Rg7 Rxg7+ 40.
Bxg7 Kf7 41. Be5 Kg6 42. Kg4 Be8 43. a5 Kh6 44. c3 Bh5+ 45. Kg3 Be2 46. d4 Bd1
47. b4 Be2 48. Bf6 Kg6 49. Bg5 Kh5 50. Kf2 Bd3 51. Ke3 Bf1 52. Ke4 Bg2+ 53. Ke5
Bd5 54. Kd6 Kg6 55. Kc5 Kh5 56. c4 Be4 57. b5 axb5 58. cxb5 {Black resigns} 1-0

[Event "Team 45 45 League T37"]
[Site "Internet Chess Club"]
[Date "2008.05.08"]
[Round "3"]
[White "Traho"]
[Black "Fidelian"]
[Result "0-1"]
[WhiteElo "1221"]
[BlackElo "1420"]
[Opening "Sicilian defense"]
[ECO "B30"]
[Time "13:56:52"]
[TimeControl "2700+45"]

1. e4 c5 2. Nf3 Nc6 3. d3 Nf6 4. g3 d5 5. e5 Nd7 6. Qe2 e6 7. Bg2 Be7 8. O-O O-O
9. c3 f6 10. d4 fxe5 11. dxe5 d4 12. Rd1 Qb6 13. Bg5 Bxg5 14. Nxg5 Ncxe5 15.
cxd4 cxd4 16. Na3 h6 17. Ne4 d3 18. Qd2 Nf6 19. b3 Bd7 20. Nc4 Qd4 21. Nxe5 Qxe5
22. Nxf6+ Qxf6 23. Rf1 Bb5 24. Be4 Rad8 25. Bxb7 Rf7 26. Be4 Qe5 27. Rae1 Qc5
28. a4 Ba6 29. b4 Qd4 30. b5 Bc8 31. Re3 Qxa4 32. Rxd3 Rfd7 33. Qc3 Qxe4 34. Re3
Qd5 35. Qc2 Bb7 36. f3 Qd4 37. Re1 Bxf3 38. Qf2 Bd5 {White resigns} 0-1

[Event "Team 45 45 League T37"]
[Site "Internet Chess Club"]
[Date "2008.05.11"]
[Round "3"]
[White "dharris"]
[Black "Conjurer"]
[Result "0-1"]
[WhiteElo "1113"]
[BlackElo "1290"]
[Opening "Sicilian: Sozin, Leonhardt variation"]
[ECO "B88"]
[Time "20:00:51"]
[TimeControl "2700+45"]

1. e4 c5 2. Bc4 d6 3. Nf3 Nc6 4. d4 cxd4 5. Nxd4 Nf6 6. Nc3 e6 7. O-O g6 8. Re1
Bg7 9. Bf4 O-O 10. Ncb5 Ne8 11. c3 a6 12. Nxc6 bxc6 13. Nxd6 e5 14. Nxf7 Qxd1
15. Nxe5+ Kh8 16. Raxd1 Rxf4 17. Rd8 Bb7 18. Rd7 Rb8 19. Nf7+ Kg8 20. Ng5+ Kh8
21. Ne6 Bc8 22. Re7 Bxe6 23. Bxe6 Nf6 24. f3 h5 25. e5 Nd5 26. Ra7 Ra4 27. Bd7
Rb6 28. e6 Rxa2 29. b4 Bxc3 30. Re4 Bxb4 31. f4 Bc5+ 32. Kf1 Rb1+ 33. Re1 Rxe1+
34. Kxe1 Bxa7 35. Bxc6 Ne7 36. Be4 Kg7 37. Bd3 a5 38. Bc4 Rxg2 39. h4 Rb2 {White
resigns} 0-1

[Event "Team 45 45 League T37"]
[Site "Internet Chess Club"]
[Date "2008.05.13"]
[Round "3"]
[White "scottrugby"]
[Black "Emrebey"]
[Result "1-0"]
[WhiteElo "1595"]
[BlackElo "1428"]
[Opening "QGD Slav: 3.Nf3"]
[ECO "D11"]
[Time "11:09:06"]
[TimeControl "2700+45"]

1. d4 d5 2. c4 c6 3. Nf3 dxc4 4. e3 b5 5. a4 a6 6. axb5 cxb5 7. b3 cxb3 8. Bxb5+
Bd7 9. Bc4 Nf6 10. Qxb3 e6 11. Ne5 a5 12. Qb7 Bc8 13. Qxf7# {Black checkmated}
1-0

[Event "Team 45 45 League T37"]
[Site "Internet Chess Club"]
[Date "2008.05.10"]
[Round "3"]
[White "Tomate"]
[Black "trigger"]
[Result "1-0"]
[WhiteElo "1467"]
[BlackElo "1444"]
[Opening "Ruy Lopez: closed, Averbach variation"]
[ECO "C87"]
[Time "15:24:47"]
[TimeControl "2700+45"]

1. e4 e5 2. Nf3 Nc6 3. Bb5 a6 4. Ba4 Nf6 5. O-O Be7 6. Re1 d6 7. c3 Bg4 8. d3
O-O 9. Bg5 b5 10. Bb3 Na5 11. Bc2 c5 12. Nbd2 Nc6 13. Bxf6 Bxf6 14. Bb3 Rc8 15.
Bd5 Qb6 16. Qb3 Na5 17. Qc2 Be6 18. Bxe6 fxe6 19. Nf1 c4 20. dxc4 Nxc4 21. Ne3
Nxe3 22. Rxe3 Be7 23. Qb3 Rf6 24. Rf1 h6 25. a4 Rcf8 26. axb5 axb5 27. c4 Rb8
28. cxb5 Qxb5 29. Qxb5 Rxb5 30. Rb1 Bd8 31. b3 g5 32. h3 Rf7 33. Nd2 Bb6 34. Re2
Rb7 35. Kf1 Bd4 36. Nc4 Rxb3 37. Rxb3 Rxb3 38. Nxd6 Rb1+ 39. Re1 Rxe1+ 40. Kxe1
h5 41. f3 h4 42. Nb5 Be3 43. Ke2 Bf4 44. Kd3 Kf8 45. Nc7 Ke7 46. Kc4 Kd6 47.
Nb5+ Kc6 48. Nc3 Kd6 49. Kb5 Kc7 50. Kc5 Kd7 51. Nb5 Be3+ 52. Kc4 Kc6 53. Na3
Kd6 54. Kb5 Bf2 55. Nc4+ Ke7 56. Nxe5 Kf6 57. Nc4 Bg3 58. Kc6 Ke7 59. Nb6 Kf6
60. Kd7 e5 61. Kd6 Bf4 62. Nc4 Bg3 63. Nb6 Kf7 64. Nd7 Kg6 65. Ke6 Kg7 66. Nxe5
Be1 67. Kf5 Bd2 68. Nc6 Kf7 69. Nd4 Bc3 70. Ne6 {Black resigns} 1-0

[Event "Team 45 45 League T37"]
[Site "Internet Chess Club"]
[Date "2008.05.10"]
[Round "3"]
[White "hierroviejo"]
[Black "katabatico"]
[Result "0-1"]
[WhiteElo "1321"]
[BlackElo "1389"]
[Opening "Four knights game"]
[ECO "C47"]
[Time "05:01:56"]
[TimeControl "2700+45"]

1. e4 e5 2. Nf3 Nc6 3. Nc3 Nf6 4. g3 Bc5 5. h3 d6 6. Nh4 d5 7. Bg2 d4 8. Nd5 Be6
9. d3 Nxd5 10. exd5 Bxd5 11. O-O Bxg2 12. Nf5 Qf6 13. Nxg7+ Qxg7 14. Kxg2 h5 15.
f4 O-O-O 16. Qf3 Rdf8 17. a3 f5 18. Bd2 Bd6 19. b4 Rhg8 20. b5 Ne7 21. a4 exf4
22. Bxf4 Bxf4 23. Qxf4 Nd5 24. Qf2 f4 25. Kh2 fxg3+ {White resigns} 0-1

[Event "Team 45 45 League T37"]
[Site "Internet Chess Club"]
[Date "2008.05.09"]
[Round "3"]
[White "Visin"]
[Black "supraholic"]
[Result "1/2-1/2"]
[WhiteElo "1357"]
[BlackElo "1341"]
[Opening "English: Carls' Bremen system"]
[ECO "A22"]
[Time "00:29:57"]
[TimeControl "2700+45"]

1. c4 e5 2. Nc3 Nf6 3. g3 Bc5 4. Bg2 O-O 5. e3 d6 6. Nge2 Nc6 7. d4 exd4 8. exd4
Bb4 9. O-O Bxc3 10. Nxc3 Bg4 11. f3 Bf5 12. Re1 Qd7 13. d5 Ne5 14. Ne4 Nxe4 15.
fxe4 Bh3 16. b3 Rae8 17. Bb2 f6 18. a4 Rf7 19. a5 Rfe7 20. Ba3 Bg4 21. Qd2 Nf3+
22. Bxf3 Bxf3 23. c5 dxc5 24. Bxc5 Rxe4 25. Bxa7 Rxe1+ 26. Rxe1 Rxe1+ 27. Qxe1
Bxd5 28. b4 Kf7 29. Qd2 Bc6 30. Qxd7+ Bxd7 31. Kf2 Ke6 32. Be3 Kf5 33. h3 h5 34.
h4 g5 35. hxg5 fxg5 36. Bc5 Kg4 37. Be7 h4 38. gxh4 gxh4 39. Kg2 h3+ 40. Kh2 c6
41. Bf8 Kf4 42. Be7 Ke5 43. Bf8 Bg4 44. Kg3 Kd5 45. Kh2 Kc4 46. Kg3 Kb5 47. Kh2
b6 48. axb6 Kxb6 49. Be7 {Game drawn by mutual agreement} 1/2-1/2

[Event "Team 45 45 League T37"]
[Site "Internet Chess Club"]
[Date "2008.05.10"]
[Round "3"]
[White "markgravitygood"]
[Black "reijo"]
[Result "1/2-1/2"]
[WhiteElo "1767"]
[BlackElo "1686"]
[Opening "Caro-Kann: Panov-Botvinnik attack"]
[ECO "B13"]
[Time "09:51:49"]
[TimeControl "2700+45"]

1. e4 c6 2. d4 d5 3. exd5 cxd5 4. c4 Nf6 5. Nc3 Nc6 6. Nf3 Bg4 7. cxd5 Nxd5 8.
Qb3 Nxc3 9. bxc3 Bxf3 10. gxf3 Qc7 11. Rb1 b6 12. Bb5 e6 13. Bf4 Bd6 14. Bxd6
Qxd6 15. Qa4 Kd7 16. Rg1 g6 17. c4 a6 18. Bxa6 Qxh2 19. Ke2 Kc7 20. c5 b5 21.
Rxb5 Rxa6 22. Qxa6 Nxd4+ 23. Kf1 Nxb5 24. Qb6+ Kd7 25. Qxb5+ Ke7 26. c6 {Game
drawn by mutual agreement} 1/2-1/2

[Event "Team 45 45 League T37"]
[Site "Internet Chess Club"]
[Date "2008.05.11"]
[Round "3"]
[White "Ernie1"]
[Black "Lazerpawn"]
[Result "1-0"]
[WhiteElo "1677"]
[BlackElo "1671"]
[Opening "King's Indian: 5.Nf3"]
[ECO "E90"]
[Time "08:06:38"]
[TimeControl "2700+45"]

1. d4 Nf6 2. c4 g6 3. Nc3 Bg7 4. e4 d6 5. Nf3 Nbd7 6. Bg5 h6 7. Bxf6 Nxf6 8. h3
O-O 9. e5 Nh7 10. Bd3 c5 11. exd6 cxd4 12. Nb5 a6 13. Nbxd4 Qxd6 14. Bc2 Qb4+
15. Qd2 Qxb2 16. O-O Qb6 17. Rab1 Qc7 18. Qb4 Rd8 19. Rfd1 Bf8 20. Qb6 Qxb6 21.
Rxb6 Bg7 22. Nb3 Re8 23. Nc5 Rb8 24. Ba4 Rf8 25. Nxa6 Ra8 26. Nc5 Ra5 27. Rb5
Rxb5 28. Bxb5 b6 29. Nd7 Bxd7 30. Rxd7 Ng5 31. Nxg5 hxg5 32. Rxe7 Rd8 33. Re8+
Rxe8 34. Bxe8 Kf8 35. Bb5 Bd4 36. g4 Ke7 37. Kg2 Ke6 38. Kf3 f5 39. Be8 Kf6 40.
Ke2 f4 41. f3 Bc5 42. Kd3 Ke5 43. Bxg6 Ba3 44. Kc3 Bc5 45. Kb3 Kd4 46. Be4 Ke3
47. Ka4 Kf2 48. Kb5 Kg3 49. a4 Ba3 50. a5 bxa5 51. Kxa5 Kf2 52. Kb6 Ke3 53. c5
Kd4 54. c6 Bd6 55. c7 Bxc7+ 56. Kxc7 Ke5 57. Kd7 Kf6 58. Kd6 Kf7 59. Ke5 Kg7 60.
Bf5 Kh6 61. Be4 Kg7 62. Kf5 Kh6 63. Bd5 Kg7 64. Kxg5 Kh7 65. Kxf4 Kh6 66. h4 Kg6
67. Kg3 Kf6 68. f4 Kg6 69. f5+ Kf6 70. Kf4 Kg7 71. g5 Kh7 72. h5 Kg7 73. f6+ Kh8
74. Kf5 Kh7 75. g6+ Kh8 76. g7+ Kh7 77. g8=Q+ Kh6 78. Qg6# {Black checkmated}
1-0

[Event "Team 45 45 League T37"]
[Site "Internet Chess Club"]
[Date "2008.05.08"]
[Round "3"]
[White "DavidPayne"]
[Black "Warpdrive"]
[Result "1-0"]
[WhiteElo "1503"]
[BlackElo "1742"]
[Opening "Sicilian: Grand Prix attack"]
[ECO "B21"]
[Time "20:02:37"]
[TimeControl "2700+45"]

1. e4 c5 2. f4 e6 3. Nc3 Nc6 4. Bb5 a6 5. Bxc6 bxc6 6. d3 d5 7. Nf3 d4 8. Ne2
Nf6 9. Ne5 Qc7 10. O-O Bd6 11. Nc4 Be7 12. b3 a5 13. Bb2 Ba6 14. c3 Bxc4 15.
bxc4 Rb8 16. Rb1 dxc3 17. Bxc3 O-O 18. Qd2 Rfd8 19. Bxa5 Nxe4 20. dxe4 Rxb1 21.
Rxb1 Qxa5 22. Qxa5 {Black resigns} 1-0

[Event "Team 45 45 League T37"]
[Site "Internet Chess Club"]
[Date "2008.05.08"]
[Round "3"]
[White "Despair"]
[Black "Boromir"]
[Result "1/2-1/2"]
[WhiteElo "1948"]
[BlackElo "1992"]
[Opening "Queen's pawn game"]
[ECO "D00"]
[Time "18:41:02"]
[TimeControl "2700+45"]

1. d4 d5 2. g3 Nf6 3. c4 c6 4. cxd5 cxd5 5. Nc3 Nc6 6. Bg2 e6 7. Nf3 Bd6 8. Bg5
h6 9. Bxf6 Qxf6 10. O-O O-O 11. e4 dxe4 12. Nxe4 Qe7 13. Nc3 Bd7 14. Re1 Qd8 15.
Ne5 Nxe5 16. dxe5 Be7 17. Qb3 Rb8 18. Rad1 Qc7 19. Be4 Bc6 20. Bxc6 Qxc6 21. Nb5
a6 22. Nd6 Bxd6 23. Rxd6 Qc5 24. Qd3 Rbc8 25. Rd7 Rc7 26. Rd8 Rc8 27. Rxf8+ Rxf8
28. Qe4 b5 29. Rd1 Qc4 30. Qxc4 bxc4 31. Rd7 Rb8 32. Rd2 Rc8 33. f4 Rc5 34. Kf2
c3 35. bxc3 Rxc3 36. h4 h5 37. Rb2 g6 38. Kg2 Kg7 39. Kh3 Rd3 40. Rb6 Ra3 {Game
drawn by mutual agreement} 1/2-1/2

[Event "Team 45 45 League T37"]
[Site "Internet Chess Club"]
[Date "2008.05.11"]
[Round "3"]
[White "ivanson"]
[Black "Aces"]
[Result "1/2-1/2"]
[WhiteElo "1827"]
[BlackElo "1786"]
[Opening "Caro-Kann defense"]
[ECO "B15"]
[Time "22:01:15"]
[TimeControl "2700+45"]

1. e4 c6 2. d4 d5 3. Nc3 e6 4. Bd3 Qb6 5. Nge2 f5 6. exf5 exf5 7. O-O Nf6 8. Re1
Be7 9. Ng3 Ne4 10. Nce2 O-O 11. c3 Bd6 12. f3 Nxg3 13. hxg3 Qc7 14. Bf4 Nd7 15.
Qc2 g6 16. Bxd6 Qxd6 17. Nf4 Nf6 18. c4 Bd7 19. c5 Qc7 20. Re7 Rae8 21. Rae1
Rxe7 22. Rxe7 Rf7 23. Qe2 Qd8 24. Re3 Kf8 25. Bc2 Re7 26. Nd3 Rxe3 27. Qxe3 Qe7
28. Ne5 Kg7 29. b4 Be8 30. Qg5 Ng8 31. Qd2 Nf6 32. Qd3 Nd7 33. f4 Nf6 34. Qf3 h5
35. a4 Ng4 36. Nxg4 Qe1+ 37. Qf1 Qxf1+ 38. Kxf1 fxg4 {Game drawn by mutual
agreement} 1/2-1/2

[Event "Team 45 45 League T37"]
[Site "Internet Chess Club"]
[Date "2008.05.11"]
[Round "3"]
[White "BigH"]
[Black "PJ"]
[Result "1-0"]
[WhiteElo "1650"]
[BlackElo "1733"]
[Opening "Ruy Lopez: closed, Chigorin, 12...c5d4"]
[ECO "C99"]
[Time "12:00:21"]
[TimeControl "2700+45"]

1. e4 e5 2. Nf3 Nc6 3. Bb5 a6 4. Ba4 Nf6 5. O-O Be7 6. Re1 b5 7. Bb3 d6 8. h3
O-O 9. c3 Na5 10. Bc2 c5 11. d4 Qc7 12. Nbd2 cxd4 13. cxd4 Rd8 14. d5 Bd7 15. b4
Rdc8 16. Bd3 Qc3 17. Rb1 Qxd3 18. bxa5 Qc3 19. Nb3 Qc2 20. Qxc2 Rxc2 21. a3 Rac8
22. Bd2 R2c4 23. Bb4 Kf8 24. Nfd2 Rc2 25. Rbc1 Nh5 26. Rxc2 Rxc2 27. Rc1 Rxc1+
28. Nxc1 Nf4 29. Kh2 f5 30. g3 Nh5 31. exf5 Nf6 32. g4 Nxd5 33. Nd3 Bc6 34. Kg3
Ke8 35. f3 Nxb4 36. Nxb4 Bb7 37. h4 Bd8 38. Ne4 Kd7 39. g5 Bxa5 40. f6 gxf6 41.
Nxf6+ Ke6 42. Nxh7 Bd8 43. h5 e4 44. g6 e3 45. g7 Kf7 46. h6 Kg8 47. Nf8 Bb6 48.
Nd7 Bd4 49. Nc2 e2 50. Kf4 Bc6 51. Nxd4 e1=Q 52. Nf6+ Kf7 53. g8=Q+ Kxf6 54.
Qf8+ Kg6 55. Qg7+ {Black resigns} 1-0

[Event "Team 45 45 League T37"]
[Site "Internet Chess Club"]
[Date "2008.05.10"]
[Round "3"]
[White "AlterEgo"]
[Black "pelayo"]
[Result "1/2-1/2"]
[WhiteElo "1643"]
[BlackElo "1620"]
[Opening "QGD: exchange variation"]
[ECO "D35"]
[Time "11:08:46"]
[TimeControl "2700+45"]

1. c4 Nf6 2. d4 e6 3. Nc3 d5 4. cxd5 Nxd5 5. Bd2 Bb4 6. a3 Nxc3 7. Bxc3 Bxc3+ 8.
bxc3 b6 9. e4 Bb7 10. Bd3 c5 11. Bb5+ Nd7 12. dxc5 bxc5 13. f3 Ke7 14. Qxd7+
Qxd7 15. Bxd7 Kxd7 16. O-O-O+ Ke7 17. Ne2 Rhd8 18. Kc2 e5 19. c4 Bc6 20. Kc3
Rab8 21. Nc1 Ba4 22. Rxd8 Rxd8 23. Nb3 Bxb3 24. Kxb3 {Game drawn by mutual
agreement} 1/2-1/2